 Dungeon Crawl Stone Soup version 0.28-a0-1447-ga5a8893891 (webtiles) character file.

Game seed: 16475507389470511102

66 murtidash the Magician (level 4, -16/31 HPs)
             Began as a Djinni Ice Elementalist on Jan 11, 2022.
             Killed from afar by Ijyb (36 damage)
             ... with a bolt of acid
             ... on level 3 of the Dungeon.
             The game lasted 00:02:11 (2330 turns).

murtidash the Magician (Djinni Ice Elementalist)    Turns: 2330, Time: 00:02:12

Health: -16/31     AC:  4    Str:  7    XL:     4   Next: 37%
Gold:   34         EV: 12    Int: 19    God:
                   SH:  0    Dex: 13

rFire   + + .      SeeInvis .   (no weapon)
rCold   x . .      Faith    .   (no shield)
rNeg    . . .      Spirit   .   a - +0 robe
rPois   ∞          Reflect  .   g - +0 helmet
rElec   .          Harm     .   k - +0 cloak
rCorr   .          Rampage  .   (no gloves)
Will    .....                   (boots unavailable)
Stlth   ++........              (no amulet)
HPRegen 0.10/turn               (no ring)
MPRegen 0.00/turn               (no ring)

@: flying
A: sickness immunity, fire resistance 2, cold vulnerability 1, float, innate
caster, hp casting, extra vitality 1
a: no special abilities


You were on level 3 of the Dungeon.
You visited 1 branch of the dungeon, and saw 3 of its levels.

You collected 34 gold pieces.

Inventory:

Armour
 a - a +0 robe (worn)
 g - a +0 helmet (worn)
   (You found it on level 1 of the Dungeon)
 k - a +0 cloak (worn)
   (You took it off Crazy Yiuf on level 2 of the Dungeon)
Scrolls
 b - 2 scrolls of fog {unknown}
 c - a scroll of holy word {unknown}
 d - 2 scrolls of identify {unknown}
 h - a scroll of blinking {unknown}
 i - a scroll of magic mapping {unknown}
 j - 2 scrolls of teleportation {unknown}
 m - a scroll of immolation {unknown}
Potions
 e - 2 potions of magic {unknown}
 f - a potion of haste {unknown}
 l - a potion of cancellation {unknown}


   Skills:
 - Level 2.1 Dodging
 - Level 1.5 Stealth
 * Level 4.4 Spellcasting


You couldn't memorise any spells.
You knew the following spells:

 Your Spells              Type           Power      Damage    Failure   Level
a - Frozen Ramparts       Ice            42%        1d6       6%          3
A - Ozocubu's Armour      Ice            21%        N/A       6%          3
U - Animate Skeleton      Necr           42%        N/A       2%          1
X - Hailstorm             Conj/Ice       21%        3d6       22%         4
Z - Freeze                Ice            84%        1d10      2%          1
Your spell library was empty.

Dungeon Overview and Level Annotations

Branches:
Dungeon (3/15)

Altars:
The Shining One

Annotations:
D:3 Ijyb


Innate Abilities, Weirdness & Mutations

You are immune to sickness and miasma.
You are immune to poison.
Your flesh is very heat resistant. (rF++)
You are vulnerable to cold. (rC-)
You float through the air rather than walking.
You learn spells naturally, not from books.
Your magical power is your life essence.
You have superior vitality. (+4 MHP)


Message History

You can't see any susceptible monsters within range! (Use Z to cast anyway.)
You can't see any susceptible monsters within range! (Use Z to cast anyway.)
A bat comes into view.
Found a stone staircase leading up.
Health restored: 31 You can't see any susceptible monsters within range! (Use Z to cast anyway.)
You can't see any susceptible monsters within range! (Use Z to cast anyway.)
You can't see any susceptible monsters within range! (Use Z to cast anyway.)
You can't see any susceptible monsters within range! (Use Z to cast anyway.)
Aim: a bat (asleep)
You freeze the bat!
You kill the bat!
You take 1 damage, and have 30/31 hp.
You can't see any susceptible monsters within range! (Use Z to cast anyway.)
There is a stone staircase leading up here.
l - a puce potion Health restored: 31
m - a scroll labelled VEH YXKEPS A ball python and a bat come into view.
The bat hits you but does no damage. The bat misses you.
Aim: a bat You freeze the bat.
You kill the bat!
The ball python hisses angrily.
You take 1 damage, and have 30/31 hp.
You can't see any susceptible monsters within range! (Use Z to cast anyway.)
The ball python bites you but does no damage.
The ball python misses you.
Aim: a ball python You freeze the ball python.
The ball python bites you but does no damage.
The ball python grabs you. The ball python constricts you.
You take 1 damage, and have 29/31 hp.
Aim: a ball python (moderately wounded, constricting you)
You freeze the ball python.
The ball python seems to slow down.
The ball python barely misses you. The ball python constricts you.
You take 1 damage, and have 28/31 hp.
Aim: a ball python (severely wounded, constricting you, slow)
You freeze the ball python!
You kill the ball python!
You take 1 damage, and have 27/31 hp.
You can't see any susceptible monsters within range! (Use Z to cast anyway.)
A frilled lizard comes into view.
The frilled lizard hisses angrily.
Health restored: 31 A frilled lizard is nearby!
You hit the frilled lizard.
Aim: a frilled lizard (heavily wounded)
You freeze the frilled lizard.
You kill the frilled lizard!
You take 1 damage, and have 30/31 hp.
You can't see any susceptible monsters within range! (Use Z to cast anyway.)
You can't see any susceptible monsters within range! (Use Z to cast anyway.)
j - 2 scrolls labelled TICHAM FECIO (gained 1)
You see here a +0 robe.
You see here a +0 robe.
Done exploring.
Health restored: 31 Done exploring.
There is a stone staircase leading down here.
You fly downwards.
There is a stone staircase leading up here.
Found a glowing golden altar of the Shining One.
A bat comes into view.
The bat moves out of view.
A kobold comes into view. It is wielding a +0 whip.
You can't see any susceptible monsters within range! (Use Z to cast anyway.)
The kobold shouts!
You hit the bat. The bat barely misses you.
The kobold throws a stone.
The stone barely misses you.
An adder comes into view.
Ijyb the Twisted Goblin comes into view.
She is wielding a +0 club and carrying a wand of acid (12).
Aim: a bat (moderately wounded)
You freeze the bat.
You kill the bat!
You take 1 damage, and have 30/31 hp.
You start resting.
A kobold is nearby!
The kobold barely misses you. A film of ice covers your body!
The kobold hits you with a +0 whip.
You take 8 damage, and have 22/31 hp.
MASSIVE DAMAGE!!
Unknown command.
The walls around you are covered in ice.
The wall freezes the kobold.
The kobold hits you but does no damage.
You take 2 damage, and have 20/31 hp.
Aim: a kobold, wielding a +0 whip and quivering stones You miscast Freeze.
You are very lightly contaminated with residual magic.
Nothing appears to happen.
The wall freezes the kobold.
You kill the kobold!
You take 1 damage, and have 19/31 hp.
You start resting.
Your magical contamination has completely faded away.
You start resting.
The frozen ramparts melt away.
Your icy armour cracks and falls away as you move.
Things that are here:
a +0 whip; 5 stones; a kobold corpse Ijyb zaps a wand.
The bolt of acid hits you!!!
Ouch! That really hurt!
You die...

#....# #.#<#..#
###.##.#######..#
#...............#
#...##.##...###...
#..#..#.#..#..######
#..##.....##..########
#......_..............
#. #.....##...#######
#..#..#@#..#..###
#....##.##......+
#.....)....####
##.####†##....+
........g....##
###.........#.#
#.........#.#
#.........#..
............ ..


You could see Ijyb.

Vanquished Creatures
  Crazy Yiuf (D:2)
  An adder (D:2)
  A dart slug (D:2)
  2 ball pythons
  2 endoplasms (D:2)
  2 giant cockroaches
  3 goblins
  A hobgoblin (D:1)
  4 kobolds
  A quokka (D:2)
  4 bats
  4 frilled lizards
  2 rats
28 creatures vanquished.

Notes
Turn   | Place    | Note
-------+----------+-------------------------------------------
     0 | D:1      | murtidash the Djinni Ice Elementalist began the quest for
                  | the Orb.
     0 | D:1      | Reached XP level 1. HP: 15/15 MP: 0/0
   305 | D:1      | Reached XP level 2. HP: 14/21 MP: 0/0
   546 | D:1      | Found a faded altar of an unknown god.
  1285 | D:2      | Reached XP level 3. HP: 20/25 MP: 0/0
  1285 | D:2      | Learned a level 1 spell: Animate Skeleton
  1432 | D:2      | Reached skill level 4 in Spellcasting
  1616 | D:2      | Found a runed translucent door.
  1617 | D:2      | Noticed Crazy Yiuf
  1627 | D:2      | Killed Crazy Yiuf
  1628 | D:2      | Reached XP level 4. HP: 8/31 MP: 0/0
  2288 | D:3      | Found a glowing golden altar of the Shining One.
  2305 | D:3      | Noticed Ijyb
  2330 | D:3      | Killed from afar by Ijyb

Illustrated notes

Levels and vault maps discovered:
D:1:      dpeg_arrival_rooms_b, layout_loops_ring,
          chequers_ecumenical_altar_grove
D:2:      layout_loops_cross, uniq_crazy_yiuf_cottage
D:3:      layout_basic, mainiacjoe_overflow_small_starburst,
          amcnicky_altar_gilded, serial_bayou_pond_a, grunt_ministairs_9,
          minmay_three_crescents, uniq_ijyb, uniq_terence

Skill      XL: |  1  2  3 |
---------------+----------+-----
Spellcasting   | 4 |  4.4
Dodging        | |  2.1
Stealth        | |  1.5

Action                   |  1- 3 |  4- 6 || total
-------------------------+-------+-------++-------
Melee: Unarmed           |    10 |     3 ||    13
 Cast: Freeze            |    27 |    10 ||    37
       Ozocubu's Armour  |     1 |     1 ||     2
       Frozen Ramparts   |     1 |     1 ||     2
Armor: Robe              |     3 |     7 ||    10
Dodge: Dodged            |    10 |    11 ||    21

Table legend: (Time is in decaauts)
 A = Elapsed time spent in this place.
 B = Non-inter-level travel time spent in this place.
 C = Inter-level travel time spent in this place.
 D = Time resting spent in this place.
 E = Time spent auto-exploring this place.
 F = Levels seen in this place.
 G = Mean time per level.
                   A        B        C        D        E       F      G
               +--------+--------+--------+--------+--------+-----+--------+
         Total |   2329 |   2272 |     57 |      8 |   2060 |   3 |  776.3 |
       Dungeon |   2329 |   2272 |     57 |      8 |   2060 |   3 |  776.3 |
               +--------+--------+--------+--------+--------+-----+--------+

Top non-repeatable levels by time:
     D:2: 1238 daAuts
     D:1: 1028 daAuts
     D:3: 62 daAuts

Table legend:
 A = Kills in this place as a percentage of kills in entire the game.
 B = Kills by you in this place as a percentage of kills by you in the entire game.
 C = Kills by friends in this place as a percentage of kills by friends in the entire game.
 D = Other kills in this place as a percentage of other kills in the entire game.
 E = Experience gained in this place as a percentage of experience gained in the entire game.
 F = Experience gained in this place divided by the number of levels of this place that you have seen.
                   A       B       C       D       E      F
               +-------+-------+-------+-------+-------+----------------------
         Total | 100.0 | 100.0 |   N/A |   N/A | 100.0 |  31.7
       Dungeon | 100.0 | 100.0 |   N/A |   N/A | 100.0 |  31.7
               +-------+-------+-------+-------+-------+----------------------
